 Dungeon Crawl Stone Soup version 0.31-a0-108-gdf935468f2 (webtiles) character file.

Game seed: 4875125228937678670

281 senseless the Shooter (level 6, -7/32 HPs)
             Began as a Spriggan Hunter on May 27, 2023.
             Killed by divine providence
             ... invoked by an orc priest
              (12 damage)
             ... on level 3 of the Dungeon.
             The game lasted 00:09:48 (2215 turns).

senseless the Shooter (Spriggan Hunter)             Turns: 2215, Time: 00:09:49

Health: -7/32      AC:  3    Str:  7    XL:     6   Next: 6%
Magic:  7/7        EV: 23    Int: 10    God:
Gold:   138        SH:  0    Dex: 33    Spells: 5/5 levels left

rFire   . . .        a - +1 shortbow
rCold   . . .        (shield currently unavailable)
rNeg    . . .        c - +0 robe
rPois   .            (helmet restricted)
rElec   .            g - +0 cloak
rCorr   .            (gloves unavailable)
SInv    +            (boots unavailable)
Will    +....        (no amulet)
Stlth   ++++         k - +6 ring of dexterity
HPRegen 0.25/turn    n - +6 ring of dexterity
MPRegen 0.10/turn

%: no passive effects
@: very quick
A: very small, no large weapons, unfitting armour, see invisible, speed 3
a: no special abilities


You were on level 3 of the Dungeon.
You visited 1 branch of the dungeon, and saw 4 of its levels.

You collected 138 gold pieces.

Inventory:

Hand Weapons
 a - a +1 shortbow (weapon)
 h - a +2 dagger of speed
Missiles
 p - 3 throwing nets
Armour
 c - a +0 robe (worn)
 g - a +0 cloak (worn)
Jewellery
 e - an amulet of magic regeneration
 k - a +6 ring of dexterity (left hand)
 n - a +6 ring of dexterity (right hand)
Scrolls
 b - a scroll of immolation
 i - a scroll of fog
 u - a scroll of amnesia
Potions
 d - a potion of attraction
 j - 2 potions of might
 l - a potion of heal wounds
 m - a potion of brilliance {unknown}
 o - a potion of berserk rage {unknown}
 r - a potion of curing {unknown}


   Skills:
 + Level 2.9 Fighting
 + Level 5.0 Ranged Weapons
 + Level 4.7 Dodging
 + Level 4.9 Stealth


You had 5 spell levels left.
You didn't know any spells.
Your spell library contained the following spells:

 Spells                   Type           Power      Damage    Failure   Level
 Blink                    Tloc           0%         N/A       50%         2
 Lesser Beckoning         Tloc           0%         N/A       50%         2
 Momentum Strike          Conj/Tloc      0%         3d8       50%         2
 Sublimation of Blood     Necr           0%         N/A       50%         2
 Wereblood                Tmut           0%         N/A       50%         2
 Gell's Gravitas          Tloc           0%         N/A       75%         3
 Teleport Other           Tloc           0%         N/A       75%         3
 Olgreb's Toxic Radiance  Pois           0%         N/A       98%         4
 Dispersal                Tloc           0%         N/A       100%        6
 Summon Hydra             Summ           0%         N/A       100%        7
 Discord                  Hex            0%         N/A       100%        8
 Ignition                 Fire           0%         3d3       100%        8


Dungeon Overview and Level Annotations

Branches:
Dungeon (4/15)
 Temple: D:4-7

Altars:
Dithmenos

Annotations:
D:4 Eustachio, Ijyb


Innate Abilities, Weirdness & Mutations

You are very small and have problems with some larger weapons.
You are too small for most types of armour.
You have supernaturally acute eyesight. (SInv)
You cover ground extremely quickly. (Speed+++)


Message History

You shoot an arrow. The arrow barely misses Ijyb.
The arrow hits the orc wizard but does no damage.
The orc priest invokes the aid of Beogh against you.
Beogh smites you! Ijyb misses you.
An orc comes into view. It is wielding a +0 hand axe.
The orc shouts!
You shoot an arrow. The arrow barely misses Ijyb.
The arrow closely misses the orc wizard.
You hear a shout!
Ijyb barely misses you.
The orc wizard points at you and mumbles some strange words.
The puff of flame hits you!
You are too injured to fight recklessly!
You are too injured to fight recklessly!
Eustachio the Magnificent comes into view.
He is wielding a +2 rapier of protection.
The orc priest zaps a wand.
You resist with almost no effort.
Eustachio casts a spell.
There is a stone staircase leading up here.
The orc priest completely misses you.
You climb upwards.
There is a stone staircase leading down here.
You shoot an arrow.
The arrow closely misses the orc priest.
The orc priest zaps a wand.
You suddenly lose the ability to move!
The orc priest hits you with a +0 short sword. x3
* * * LOW HITPOINT WARNING * * *
You can move again.
You shoot an arrow.
The arrow closely misses the orc priest.
The orc priest misses you.
You shoot an arrow.
The arrow hits the orc priest but does no damage.
The orc priest closely misses you.
You shoot an arrow. The arrow hits the orc priest!
The orc priest is severely wounded.
The orc priest hits you with a +0 short sword.
* * * LOW HITPOINT WARNING * * *
The orc priest calls down the wrath of Beogh upon you.
Beogh smites you!
You die...

##..#
#...#
....#
.##.#
.##.#
.##.#
.##.#
###.# ###
....#
##@#
#####
###o.#
###....#
#...##.#
##.####.#
#..# #.#
##.## #.#
##..# #.#
##
####..##
#.#


You could see an orc priest.

Vanquished Creatures
  A black bear (D:3)
  A jelly (D:3)
  An orc wizard (D:3)
  5 adders
  A worm (D:3)
  3 dart slugs
  8 orcs
  11 ball pythons
  6 endoplasms
  8 goblins
  3 hobgoblins (D:1)
  3 jackals (D:1)
  5 kobolds
  2 quokkas
  11 bats
  4 frilled lizards
  3 rats
76 creatures vanquished.

Notes
Turn   | Place    | Note
-------+----------+-------------------------------------------
     0 | D:1      | senseless the Spriggan Hunter began the quest for the Orb.
     0 | D:1      | Reached XP level 1. HP: 10/10 MP: 2/2
   107 | D:1      | Reached XP level 2. HP: 15/15 MP: 3/3
   662 | D:1      | Reached XP level 3. HP: 18/18 MP: 4/4
   696 | D:1      | Found a faded altar of an unknown god.
   987 | D:2      | Reached XP level 4. HP: 21/23 MP: 5/5
  1312 | D:3      | Noticed a black bear
  1317 | D:3      | Killed a black bear
  1318 | D:3      | Reached XP level 5. HP: 27/27 MP: 6/6
  1796 | D:3      | Found a shadowy altar of Dithmenos.
  1802 | D:3      | Reached skill level 5 in Ranged Weapons
  1802 | D:3      | Reached XP level 6. HP: 32/32 MP: 7/7
  2146 | D:4      | Noticed Ijyb
  2205 | D:4      | Noticed Eustachio
  2209 | D:3      | Paralysed by an orc priest for 4 turns
  2215 | D:3      | Killed from afar by an orc priest

Illustrated notes

Levels and vault maps discovered:
D:1:      tekkud_arrival_beachfront_property, layout_loops_cross,
          dreamdust_ecumenical_altar_grove, serial_bayou_pond_e,
          roderic_lattice_a, hex_medium, minmay_tetromino_s4
D:2:      layout_rooms
D:3:      minmay_bubble_buster, layout_rooms, nicolae_dithmenos_shadow_blocks,
          serial_bayou_lake_a
D:4:      layout_loops_ring, uniq_grinder, uniq_natasha, uniq_menkaure,
          uniq_eustachio, uniq_ijyb, uniq_pikel

Skill      XL: |  1  2  3  4  5 |
---------------+----------------+-----
Stealth        | 2 3 4 |  4.9
Dodging        | 3 4 |  4.7
Fighting       | 2 |  2.9
Ranged Weapons | 5 |  5.0

Action                     |  1- 3 |  4- 6 || total
---------------------------+-------+-------++-------
   Fire: Shortbow          |    96 |    93 ||   189
    Use: Scroll            |       |    12 ||    12
         Potion            |       |     1 ||     1
 Armour: Robe              |     2 |     1 ||     3
  Dodge: Dodged            |    18 |    32 ||    50

Table legend: (Time is in decaauts)
 A = Elapsed time spent in this place.
 B = Non-inter-level travel time spent in this place.
 C = Inter-level travel time spent in this place.
 D = Time resting spent in this place.
 E = Time spent auto-exploring this place.
 F = Levels seen in this place.
 G = Mean time per level.
                   A        B        C        D        E       F      G
               +--------+--------+--------+--------+--------+-----+--------+
         Total |   1551 |   1505 |     46 |     93 |   1008 |   4 |  387.8 |
       Dungeon |   1551 |   1505 |     46 |     93 |   1008 |   4 |  387.8 |
               +--------+--------+--------+--------+--------+-----+--------+

Top non-repeatable levels by time:
     D:1: 501 daAuts
     D:3: 499 daAuts
     D:2: 450 daAuts
     D:4: 99 daAuts
